 Dungeon Crawl Stone Soup version 0.31.0-11-ge490571c62 (webtiles) character file.

Game seed: 201261033084927073

49 qw the Shooter (level 3, 0/18 HPs)
             Began as a Spriggan Hunter on Feb 4, 2024.
             Slain by an adder (3 damage)
             ... on level 3 of the Dungeon.
             The game lasted 00:00:05 (1540 turns).

qw the Shooter (Spriggan Hunter)                    Turns: 1540, Time: 00:00:05

Health: 0/18       AC:  2    Str:  7    XL:     3   Next: 53%
Magic:  4/4        EV: 19    Int: 10    God:
Gold:   54         SH:  0    Dex: 20    Spells: 2/2 levels left

rFire   . . .        e - +2 sling (heavy)
rCold   . . .        (no shield)
rNeg    . . .        c - +0 robe
rPois   .            (helmet restricted)
rElec   .            (no cloak)
rCorr   .            (gloves unavailable)
SInv    +            (boots unavailable)
Will    .....        (no amulet)
Stlth   ++           (no ring)
HPRegen 0.23/turn    (no ring)
MPRegen 0.09/turn

%: clarity
@: very quick
A: very small, no large weapons, unfitting armour, see invisible, speed 3,
clarity, subdued magic 1, MP-powered wands
a: no special abilities


You were on level 3 of the Dungeon.
You visited 1 branch of the dungeon, and saw 3 of its levels.

You collected 54 gold pieces.


Innate Abilities, Weirdness & Mutations

You are very small and have problems with some larger weapons.
You are too small for most types of armour.
You have supernaturally acute eyesight. (SInv)
You cover ground extremely quickly. (Speed+++)
You possess an exceptional clarity of mind.
Your spells are a little easier to cast, but a little less powerful.
You expend magic power (3 MP) to strengthen your wands.


   Skills:
 - Level 1.5 Fighting
 + Level 4.8 Ranged Weapons
 - Level 4.0 Dodging
 - Level 1.5 Stealth


You had 2 spell levels left.
You didn't know any spells.
Your spell library was empty.

Inventory:

Hand Weapons
 e - a +2 heavy sling (weapon)
Armour
 c - a +0 robe (worn)
Potions
 a - a potion of enlightenment
 b - a potion of might {unknown}
 h - a potion of haste {unknown}

Dungeon Overview and Level Annotations

Branches:
Dungeon (3/15)

Altars:
Dithmenos


Message History

The sling bullet barely misses the jackal. x2
The jackal barely misses you. The jackal completely misses you.
The jackal misses you.
You shoot a sling bullet.
The sling bullet closely misses the jackal.
The jackal completely misses you. The jackal barely misses you.
The jackal misses you. x2
You shoot a sling bullet. The sling bullet hits the jackal!
You kill the jackal!
The jackal completely misses you.
A gnoll comes into view. It is wielding a +0 spear.
The jackal misses you. x2
An adder comes into view.
The jackal completely misses you.
You shoot a sling bullet.
The sling bullet closely misses the jackal.
The adder hisses angrily.
The jackal completely misses you. The jackal closely misses you.
The jackal barely misses you. x2; The jackal misses you.
You shoot a sling bullet. The sling bullet hits the jackal!!
You kill the jackal!
The jackal barely misses you.
The gnoll hits you from afar with a +0 spear.
The jackal bites you.
You shoot a sling bullet.
The sling bullet barely misses the adder.
The sling bullet hits the gnoll!
The gnoll is severely wounded.
The jackal bites you. The gnoll misses you. The adder misses you.
The jackal barely misses you.
The gnoll hits you from afar with a +0 spear!
The adder bites you.
You shoot a sling bullet. The sling bullet misses the adder.
The sling bullet hits the gnoll.
The gnoll is severely wounded.
The jackal closely misses you. The adder completely misses you.
The jackal closely misses you. The gnoll closely misses you.
A dart slug comes into view.
The adder bites you.
You die...

#..... .....
#### .%.. ...
# ...##..##.#
.........#
w..g....#
#####hS.....#
#<..#@......#
#........####
#.#..........
#....#.#####.
#.##.....
#.....###.#
#.##... #
#.###.#. ..
.###


You could see a gnoll, an adder, a dart slug and a jackal.

Vanquished Creatures
  An adder (D:2)
  4 ball pythons
  3 endoplasms
  A giant cockroach (D:1)
  3 hobgoblins (D:1)
  9 jackals
  2 kobolds (D:1)
  A quokka (D:2)
  4 bats
  A goblin (D:1)
  7 rats
36 creatures vanquished.

Notes
Turn   | Place    | Note
-------+----------+-------------------------------------------
     0 | D:1      | qw the Spriggan Hunter began the quest for the Orb.
     0 | D:1      | Reached XP level 1. HP: 10/10 MP: 2/2
     0 | D:1      | 0 ||| qw: Version: 0.3-a-160-g6735b56
     0 | D:1      | 0 ||| qw: Game counter: 5278
     0 | D:1      | 0 ||| qw: Melee chars always use a shield: true
     0 | D:1      | 0 ||| qw: God list: Okawaru
     0 | D:1      | 0 ||| qw: Allow faded altars: false
     0 | D:1      | 0 ||| qw: Do Orc after clearing Dungeon:15 true
     0 | D:1      | 0 ||| qw: Do second Lair branch before Depths: true
     0 | D:1      | 0 ||| qw: Lair rune preference: random
     0 | D:1      | 0 ||| qw: Goals: Normal
     0 | D:1      | 0 ||| PLANNING D:1-11
    43 | D:1      | 43 ||| RETREEEEATING.
    45 | D:1      | 45 ||| RETREEEEATING.
    49 | D:1      | Reached skill level 3 in Dodging
    61 | D:1      | Reached XP level 2. HP: 8/14 MP: 3/3
   646 | D:1      | 646 ||| DROPPING amulet of magic regeneration.
   647 | D:1      | 647 ||| READING scroll labelled VAM EROUSUIHA.
   647 | D:1      | 647 ||| ENCHANTING +0 shortbow.
   648 | D:1      | 648 ||| READING scroll labelled NOFIEX NUM HEC.
   648 | D:1      | Identified a scroll of acquirement
   648 | D:1      | 648 ||| ACQUIRING +2 heavy sling
   648 | D:1      | Acquired a +2 heavy sling
   650 | D:1      | 650 ||| SWAPPING to +2 heavy sling.
   651 | D:1      | 651 ||| DROPPING +0 shortbow.
   652 | D:1      | 652 ||| DRINKING 2 coppery potions.
   652 | D:1      | Gained mutation: You have hidden genetic defects. [potion
                  | of mutation]
   653 | D:1      | 653 ||| DROPPING scroll of butterflies.
   879 | D:2      | Reached XP level 3. HP: 18/18 MP: 4/4
   886 | D:2      | Found a shadowy altar of Dithmenos.
   960 | D:2      | Gained mutation: Armour fits poorly on your strangely
                  | shaped body. [hidden defects]
  1172 | D:2      | Gained mutation: You are frail. (-10% HP) [hidden defects]
  1172 | D:2      | Lost mutation: You have hidden genetic defects. [hidden
                  | defects expressed]
  1195 | D:2      | 1195 ||| DRINKING potion of mutation.
  1195 | D:2      | Lost mutation: Armour fits poorly on your strangely shaped
                  | body. [potion of mutation]
  1195 | D:2      | Lost mutation: You are frail. (-10% HP) [potion of
                  | mutation]
  1195 | D:2      | Gained mutation: Your spells are a little easier to cast,
                  | but a little less powerful. [potion of mutation]
  1195 | D:2      | Gained mutation: You expend magic power (3 MP) to
                  | strengthen your wands. [potion of mutation]
  1195 | D:2      | Gained mutation: You possess an exceptional clarity of
                  | mind. [potion of mutation]
  1510 | D:2      | 1510 ||| READING scroll labelled GUCOSUNAUR.
  1510 | D:2      | 1510 ||| IDENTIFYING amethyst potion
  1539 | D:3      | HP: 2/18 [adder (3)]
  1540 | D:3      | Slain by an adder

Levels and vault maps discovered:
D:1:      saegor_arrival_simple_e, layout_basic, chequers_big_river
D:2:      layout_basic, basic_altar
D:3:      layout_basic, chequers_ecumenical_altar_simple_redux,
          biasface_ghost_orc_armoury, chequers_serial_rivers_micro_a,
          skrybe_limestone_x

Skill      XL: |  1  2 |
---------------+-------+-----
Dodging        | 3 4 |  4.0
Fighting       | |  1.5
Ranged Weapons | |  4.8
Stealth        | |  1.5

Action                     || total
---------------------------++-------
   Fire: Shortbow          ||    55
         Sling             ||    27
    Use: Scroll            ||     3
         Potion            ||     2
 Armour: Robe              ||    14
  Dodge: Dodged            ||    52

Table legend:
 A = Non-vault XP
 B = Vault XP
 C = Vault XP percentage of total XP
 D = Non-vault monster count
 E = Vault monster count
 F = Vault count percentage of total count
                 A         B        C        D         E       F
            +---------+---------+-------+---------+---------+-------
      Total |      71 |       0 |   0.0 |      36 |       0 |   0.0
            +---------+---------+-------+---------+---------+-------
        D:1 |      37 |       0 |   0.0 |      22 |       0 |   0.0
        D:2 |      28 |       0 |   0.0 |      11 |       0 |   0.0
        D:3 |       6 |       0 |   0.0 |       3 |       0 |   0.0
            +---------+---------+-------+---------+---------+-------
